 Dungeon Crawl Stone Soup version 0.17.0-18-gaab0e96 (webtiles) character file.

161119 oplop the Spry (level 17, -2/147 HPs)
             Began as a Merfolk Ice Elementalist on Nov 11, 2015.
             Was the Champion of Cheibriados.
             Slain by the 27-headed Lernaean hydra (13 damage)
             ... on level 4 of the Swamp.
             The game lasted 01:56:03 (30927 turns).

oplop the Spry (Merfolk Ice Elementalist)          Turns: 30927, Time: 01:56:03

Health: -2/147     AC: 11    Str: 26    XL:     17   Next: 78%
Magic:  28/32      EV: 33    Int: 38    God:    Cheibriados [******]
Gold:   3008       SH:  0    Dex: 30    Spells: 8 memorised, 13 levels left

rFire  . . .     SeeInvis .     b - +5 trident (flame)
rCold  . . .     Clarity  .     G - +1 robe "Puem" {Int+5 Slay+5 Stlth+}
rNeg   . . .     SustAt   .     (no shield)
rPois  +         Gourm    .     k - +1 helmet
rElec  .         Spirit   .     v - +0 cloak {rPois}
rCorr  .         Warding  .     P - +1 pair of gloves
rMut   .         Stasis   .     p - +0 pair of boots
MR     ++...                    (no amulet)
Stlth  ++++......               d - +3 ring of slaying
                                A - ring of protection from magic

@: about to teleport, repel missiles, very slow, very resistant to hostile
enchantments, stealthy
A: change form in water, swift swim, thin metallic scales 1, robust 1, spit
poison 1
a: Spit Poison, Bend Time, Temporal Distortion, Slouch, Step From Time, Renounce
Religion


You were on level 4 of the Swamp.
You worshipped Cheibriados.
Cheibriados was exalted by your worship.
You were not hungry.

You visited 5 branches of the dungeon, and saw 32 of its levels.
You also visited: Volcano.

You collected 3223 gold pieces.
You spent 215 gold pieces at shops.

Inventory:

Hand Weapons
 a - a +1 glaive of venom
 b - a +5 trident of flaming (weapon)
Armour
 k - a +1 helmet (worn)
 p - a +0 pair of boots (worn)
 v - a +0 cloak of poison resistance (worn)
 G - the +1 robe "Puem" (worn) {Int+5 Slay+5 Stlth+}
   (You found it on level 5 of the Dungeon)

   It affects your intelligence (+5).
   It affects your accuracy and damage with ranged weapons and melee attacks
   (+5).
   It makes you more stealthy.
 P - a +1 pair of gloves (worn)
Jewellery
 d - a +3 ring of slaying (right hand)
 m - an uncursed amulet of resist mutation
 A - a ring of protection from magic (left hand)
 E - an uncursed ring of teleportation
 R - an uncursed ring of protection from cold
 Y - an uncursed ring of ice
Wands
 g - a wand of slowing (26)
 o - a wand of confusion (23)
 r - a wand of teleportation (5)
 N - a wand of digging (14)
 Q - a wand of disintegration (6)
 U - a wand of slowing (21)
 Z - a wand of draining (7)
Scrolls
 e - 4 scrolls of fog
 f - 6 scrolls of teleportation
 h - 2 scrolls of immolation
 j - a scroll of enchant weapon
 l - 3 scrolls of enchant armour
 n - 8 scrolls of identify
 s - 7 scrolls of remove curse
 B - 5 scrolls of blinking
 F - a scroll of silence
 J - a scroll of fear
 K - 3 scrolls of recharging
 L - 5 scrolls of amnesia
 M - a scroll of magic mapping
Potions
 i - 7 potions of curing
 q - a potion of resistance
 t - 7 potions of might
 u - 4 potions of flight
 w - 5 potions of brilliance
 x - 5 potions of lignification
 y - 2 potions of heal wounds
 H - 5 potions of agility
 S - a potion of cancellation
 T - 2 potions of invisibility
 X - 4 potions of magic
Books
 C - a book of the Earth

   Spells                             Type                      Level
   a - Leda's Liquefaction            Hexes/Earth                  4
   b - Bolt of Magma                  Conjuration/Fire/Earth       5
   c - Statue Form                    Transmutation/Earth          6
   d - Iron Shot                      Conjuration/Earth            6
   e - Shatter                        Earth                        9
 W - a book of Air

   Spells                             Type                      Level
   a - Shock                          Conjuration/Air              1
   b - Swiftness                      Charms/Air                   2
   c - Repel Missiles                 Charms/Air                   2
   d - Static Discharge               Conjuration/Air              3
   e - Lightning Bolt                 Conjuration/Air              5
Miscellaneous
 D - a legendary deck of defence {the Shaft, drawn: 2}
 V - a lamp of fire
Comestibles
 c - 9 bread rations
 z - 2 meat rations
 O - a slice of pizza


   Skills:
 - Level 12.3 Fighting
 + Level 16.4 Polearms
 + Level 17.0 Dodging
 - Level 2.1 Stealth
 + Level 11.7 Spellcasting
 + Level 9.3 Conjurations
 - Level 6.2 Summonings
 + Level 12.9 Ice Magic
 - Level 11.7 Invocations


You had 13 spell levels left.
You knew the following spells:

 Your Spells              Type           Power        Failure   Level  Hunger
a - Freeze                Ice            ####         0%          1    None
b - Ozocubu's Armour      Chrm/Ice       ######..     1%          3    None
c - Condensation Shield   Ice            #######...   1%          4    None
d - Summon Ice Beast      Ice/Summ       #######.     1%          4    None
e - Throw Icicle          Conj/Ice       #######.     1%          4    None
f - Aura of Abjuration    Summ           ######....   4%          5    None
g - Spectral Weapon       Hex/Chrm       ###.....     8%          3    None
h - Repel Missiles        Chrm/Air       ###...       2%          2    None


Dungeon Overview and Level Annotations

Branches:
Dungeon (15/15)            Temple (1/1) D:6            Lair (8/8) D:10
  Swamp (4/4) Lair:6       Spider (0/4) Lair:3        Slime (0/6) Lair:7
    Orc (4/4) D:11            Elf (0/3) Orc:3        Vaults (0/5) D:14
 Depths (0/5) D:15

Altars:
Ashenzari
Cheibriados
Elyvilon
Fedhas
Gozag
Kikubaaqudgha
Makhleb
Nemelex Xobeh
Okawaru
Qazlal
Ru
Sif Muna
Trog
Vehumet
Xom
Yredelemnul
Zin
The Shining One
Beogh
Jiyva

Shops:
D:8 *   D:15 *   Orc:1 }   Orc:4 (%([

Portals:
Trove: D:14 (give 4 scrolls of blinking)

Annotations:
D:10 exclusion: oklob plant
Lair:8 Kirke
Swamp:4 Lernaean hydra


Innate Abilities, Weirdness & Mutations

You revert to your normal form in water.
You are very nimble and swift while swimming.
You are partially covered in thin metallic scales (AC +2).
You are robust (+10% HP).
You can spit weak poison.


Message History

The 27-headed Lernaean hydra barely misses you.
The 27-headed Lernaean hydra completely misses you. x2
The 27-headed Lernaean hydra misses you.
The 27-headed Lernaean hydra closely misses you. x2
The 27-headed Lernaean hydra bites you.
* * * LOW HITPOINT WARNING * * *
The 27-headed Lernaean hydra closely misses you.
The 27-headed Lernaean hydra completely misses you.
The 27-headed Lernaean hydra bites you!
* * * LOW HITPOINT WARNING * * *
The 27-headed Lernaean hydra barely misses you.
The 27-headed Lernaean hydra bites you but does no damage.
The 27-headed Lernaean hydra barely misses you.
The 27-headed Lernaean hydra bites you!
* * * LOW HITPOINT WARNING * * *
The 27-headed Lernaean hydra closely misses you.
The 27-headed Lernaean hydra bites you!
* * * LOW HITPOINT WARNING * * *
The 27-headed Lernaean hydra bites you!
You die...

♣≈.♣♣♣≈♣..≈♣♣♣♣
≈
≈#####≈.♣♣≈...♣
≈≈≈≈ ###.♣≈...♣
≈#.≈≈#.....†..♣
.......††..†..♣
≈#≈#.##†..≈♣.≈♣
# ###.≈♣≈≈.≈♣
##D.≈♣♣≈≈...≈≈
#≈@♣♣♣§≈..≈.≈.
#♣♣♣ ≈§.§..≈
.♣≈..≈. ≈#...§≈


You could see the 27-headed Lernaean hydra.

Vanquished Creatures
  A thorn hunter (Swamp:1)
  A frost giant (D:15)
  Louise (Swamp:2)
  The ghost of SKei0 the Peltast, a journeyman FoFi of Makhleb (Orc:3)
  The ghost of 4thArraOfDagon the Cleaver, a journeyman MiFi of Okawaru (Lair:8)
  Josephine (Lair:4)
  An ogre mage (D:10)
  Harold (Orc:2)
  24 hydras
  9 alligators
  5 centaur warriors
  A queen ant (Lair:1)
  6 death yaks
  13 spriggans
  Urug (Orc:1)
  Sonja (Lair:1)
  A fire crab (Volcano)
  A deep troll (D:15)
  An iron troll (D:14)
  An unseen horror (D:11)
  2 hill giants
  2 spriggan druids
  4 swamp dragons
  2 shambling mangroves
  2 orc knights
  4 cyclopes
  A manticore (D:14)
  A wolf spider (shapeshifter) (D:15)
  2 griffons
  9 orc sorcerers
  17 ugly things
  A wolf spider (D:14)
  2 toenail golems (Volcano)
  A black mamba (shapeshifter) (D:14)
  A hornet (Swamp:4)
  A centaur zombie (D:14)
  Maurice (D:9)
  23 elephants
  Joseph (D:9)
  4 gargoyles
  4 black mambas
  A molten gargoyle (Volcano)
  A torpor snail (Lair:6)
  38 spiny frogs
  14 komodo dragons
  3 kobold demonologists
  A yaktaur (D:15)
  6 fire drakes
  10 giant leeches
  2 trolls
  6 bog bodies
  16 blink frogs
  34 slime creatures
  A harpy skeleton (D:15)
  A boulder beetle (Lair:5)
  3 snapping turtles (D:8)
  A fire elemental (Volcano)
  2 shadows
  2 water elementals (D:14)
  2 deep elf magi
  3 wyverns
  52 yaks
  A tarantella (shapeshifter) (D:14)
  A human (D:7)
  A deep elf fighter (D:14)
  5 wraiths
  5 basilisks
  5 hogs (Lair:8)
  Grum (D:9)
  15 vampire mosquitoes
  14 hippogriffs
  Menkaure (D:7)
  16 swamp worms
  3 insubstantial wisps (Swamp:3)
  26 wolves
  10 wargs
  12 porcupines
  4 soldier ants (Lair:1)
  A hungry ghost (D:13)
  A mottled dragon (D:13)
  15 water moccasins
  12 swamp drakes
  5 sky beasts
  A hell hound (Volcano)
  2 black bears
  4 ice beasts
  7 ogres
  9 spiders (Lair:3)
  15 orc warriors
  3 phantoms
  20 wasps
  A necrophage (D:10)
  13 crocodiles
  12 centaurs
  A brain worm (D:15)
  3 big kobolds
  Blork the orc (D:5)
  35 giant frogs
  A wyvern skeleton (D:10)
  4 scorpions
  4 killer bees
  8 wights
  3 crimson imps
  12 electric eels
  32 orc priests
  2 giant frog zombies
  9 hounds
  A centaur skeleton (D:8)
  4 jellies
  63 orc wizards
  2 quasits
  A giant frog skeleton (D:7)
  4 lava snakes
  7 hell rats (Lair:4)
  8 iguanas
  18 worker ants
  16 sheep
  4 hound skeletons
  3 gnolls (D:4)
  10 adders
  2 shadow imps
  85 river rats
  An ooze (D:4)
  2 worms (D:3)
  An adder skeleton (D:8)
  5 giant geckos
  228 orcs
  4 giant cockroaches
  10 goblins
  3 hobgoblins
  11 jackals
  17 kobolds
  3 quokkas
  3 ball pythons
  7 bats
  3 giant newts
  A quokka skeleton (D:9)
  5 rats
  A butterfly (Lair:7)
1245 creatures vanquished.

Vanquished Creatures (collateral kills)
  Aizul (Swamp:4)
  Snorg (Lair:4)
  A hydra (Lair:5)
  The ghost of Anothat the Geomancer, a journeyman GrEE of Vehumet (Lair:1)
  A centaur warrior (D:13)
  A death yak (Lair:8)
  Nergalle (Lair:4)
  A wizard (D:14)
  A hill giant (D:11)
  Pikel (D:5)
  An ugly thing (D:14)
  A cyclops (D:14)
  A hornet (Swamp:1)
  2 elephants (Lair:7)
  A gargoyle (D:11)
  A centaur skeleton (D:15)
  A molten gargoyle (Volcano)
  A kobold demonologist (D:13)
  A komodo dragon (Lair:5)
  A troll (D:9)
  A giant leech (Lair:8)
  A wind drake (shapeshifter) (D:14)
  A blink frog (Lair:8)
  2 slime creatures
  A snapping turtle (D:8)
  22 yaks
  A hog (D:7)
  A hungry ghost (D:8)
  A basilisk (Lair:3)
  A warg (D:10)
  4 wolves
  Edmund (D:6)
  A sky beast (D:10)
  A soldier ant (Lair:1)
  4 orc warriors
  A phantom (D:8)
  A porcupine (Lair:1)
  2 ogres (D:6)
  2 wasps
  2 ice beasts
  3 centaurs (D:11)
  3 crocodiles
  A big kobold (D:13)
  4 giant frogs
  A wyvern skeleton (D:10)
  3 electric eels
  3 wights
  A crimson imp (D:9)
  7 orc priests
  10 worker ants
  9 orc wizards
  2 sheep
  An adder (D:12)
  14 orcs
  A bat (D:8)
  A fungus (Lair:7)
136 creatures vanquished.

Vanquished Creatures (others)
  2 ugly things (D:14)
  2 orc wizards
  A hound zombie (D:5)
  An adder (D:5)
  An ooze (D:5)
  4 bats (D:8)
  20 fungi
  36 plants
  9 toadstools (D:10)
76 creatures vanquished.

Grand Total: 1457 creatures vanquished

Notes
Turn   | Place    | Note
--------------------------------------------------------------
     0 | D:1      | oplop the Merfolk Ice Elementalist began the quest for the Orb.
     0 | D:1      | Reached XP level 1. HP: 13/13 MP: 3/3
   243 | D:1      | Reached XP level 2. HP: 19/19 MP: 5/5
   840 | D:2      | Reached XP level 3. HP: 20/24 MP: 2/6
   935 | D:2      | Found a sacrificial altar of Ru.
   952 | D:2      | Reached skill level 4 in Ice Magic
   952 | D:2      | Reached XP level 4. HP: 22/30 MP: 2/8
  1125 | D:2      | Found a stormy altar of Qazlal.
  1473 | D:3      | Found a sparkling altar of Nemelex Xobeh.
  1814 | D:3      | Reached XP level 5. HP: 29/35 MP: 7/9
  1861 | D:3      | Learned a level 3 spell: Ozocubu's Armour
  1998 | D:4      | Got a slimy ring mail
  2009 | D:4      | Identified the +2 ring mail "Ireutef" {+Blink rN+ MP+9} (You found it on level 4 of the Dungeon)
  2072 | D:4      | Reached skill level 5 in Dodging
  2072 | D:4      | Reached skill level 5 in Ice Magic
  2072 | D:4      | Reached XP level 6. HP: 36/41 MP: 8/11
  2384 | D:5      | Entered Level 5 of the Dungeon
  2393 | D:5      | Noticed Pikel
  2422 | D:5      | Got a crude robe
  2441 | D:4      | Identified the +1 robe "Puem" {Int+5 Slay+5 Stlth+} (You found it on level 5 of the Dungeon)
  2520 | D:4      | Learned a level 4 spell: Condensation Shield
  2748 | D:5      | Noticed Blork the orc
  3150 | D:5      | Reached skill level 6 in Dodging
  3150 | D:5      | Reached XP level 7. HP: 46/46 MP: 0/13
  3440 | D:6      | Learned a level 4 spell: Summon Ice Beast
  3446 | D:6      | Noticed Edmund
  3561 | D:6      | Reached skill level 1 in Summonings
  3693 | D:6      | Reached skill level 5 in Spellcasting
  3693 | D:6      | Reached XP level 8. HP: 46/52 MP: 8/15
  3765 | D:6      | Found a staircase to the Ecumenical Temple.
  3795 | Temple   | Entered the Ecumenical Temple
  4736 | D:7      | Learned a level 4 spell: Throw Icicle
  4742 | D:7      | Noticed Menkaure
  4752 | D:7      | Killed Menkaure
  4752 | D:7      | Reached skill level 1 in Polearms
  4752 | D:7      | Reached skill level 1 in Conjurations
  4781 | D:7      | Reached skill level 1 in Fighting
  4793 | D:7      | Reached skill level 7 in Dodging
  4800 | D:7      | Reached XP level 9. HP: 23/62 MP: 5/18
  4921 | D:7      | Found a deep blue altar of Sif Muna.
  5679 | D:8      | Reached skill level 5 in Polearms
  5698 | D:8      | Reached skill level 8 in Dodging
  5762 | D:8      | Found a bloodstained altar of Trog.
  5888 | D:8      | Reached XP level 10. HP: 73/73 MP: 1/20
  6128 | D:8      | Found Kufrumu's Assorted Antiques.
  6149 | D:8      | Bought a scroll of identify for 44 gold pieces
  6149 | D:8      | Bought a scroll of identify for 44 gold pieces
  6164 | D:8      | Gained mutation: You are resistant to electric shocks. [potion of mutation]
  6164 | D:8      | Gained mutation: You are partially covered in thin metallic scales (AC +2). [potion of mutation]
  6164 | D:8      | Gained mutation: You evolve. [potion of mutation]
  6378 | D:8      | Found a glowing silver altar of Zin.
  6942 | D:9      | Reached skill level 5 in Fighting
  7074 | D:9      | Noticed Joseph
  7385 | D:9      | Reached skill level 9 in Dodging
  7457 | D:9      | Noticed Grum
  7460 | D:9      | Killed Grum
  7749 | D:9      | Found a burning altar of Makhleb.
  7779 | D:10     | Entered Level 10 of the Dungeon
  7921 | Temple   | Became a worshipper of Cheibriados the Contemplative
  8090 | D:9      | Gained mutation: You can spit weak poison. [evolution]
  8100 | D:9      | Noticed Maurice
  8168 | D:10     | Noticed a hill giant
  8233 | D:10     | Killed a hill giant
  8233 | D:10     | Reached skill level 1 in Invocations
  8332 | D:10     | Found a staircase to the Lair.
  8378 | D:10     | Noticed an ogre mage
  8393 | D:10     | Killed an ogre mage
  8393 | D:10     | Reached XP level 11. HP: 61/83 MP: 4/22
  8398 | D:10     | Reached * piety under Cheibriados
  8423 | D:10     | You fall through a shaft!
  8442 | D:11     | Reached skill level 5 in Conjurations
  8584 | D:10     | Reached ** piety under Cheibriados
  8803 | D:10     | Found a blossoming altar of Fedhas.
  8814 | D:10     | Noticed an oklob plant
  8836 | D:10     | Lost mutation: You are resistant to electric shocks. [evolution]
  8836 | D:10     | Lost mutation: You evolve. [end of evolution]
  9129 | D:11     | Found a staircase to the Orcish Mines.
  9198 | D:11     | Noticed a hill giant
  9207 | D:11     | Killed a hill giant
  9297 | D:11     | Reached *** piety under Cheibriados
  9836 | D:12     | Noticed a seven-headed hydra
 10188 | D:12     | Killed a seven-headed hydra
 10343 | D:12     | Reached **** piety under Cheibriados
 10838 | D:12     | Gained mutation: You are robust (+10% HP). [potion of beneficial mutation]
 11023 | D:13     | Reached skill level 10 in Polearms
 11061 | D:13     | Reached skill level 10 in Dodging
 11294 | D:13     | Reached skill level 5 in Invocations
 11339 | D:13     | Reached XP level 12. HP: 71/100 MP: 15/24
 11593 | D:13     | Noticed a centaur warrior
 11651 | D:13     | Killed a centaur warrior
 11689 | D:13     | Noticed a hill giant
 11703 | D:13     | Killed a hill giant
 11703 | D:13     | Reached skill level 11 in Polearms
 12252 | D:13     | Noticed a centaur warrior
 12263 | D:13     | Killed a centaur warrior
 13342 | D:14     | Noticed an eight-headed hydra
 13348 | D:14     | Killed an eight-headed hydra
 13709 | D:5      | Killed Pikel
 13979 | D:5      | Killed Blork the orc
 13979 | D:5      | Reached ***** piety under Cheibriados
 13979 | D:5      | Reached skill level 12 in Polearms
 14055 | D:6      | Killed Edmund
 14648 | D:8      | Reached XP level 13. HP: 103/108 MP: 26/26
 14776 | D:9      | Killed Joseph
 14918 | D:9      | Killed Maurice
 15037 | Lair:1   | Entered Level 1 of the Lair of Beasts
 15076 | Lair:1   | Noticed Sonja
 15082 | Lair:1   | Killed Sonja
 15082 | Lair:1   | Reached skill level 5 in Summonings
 15273 | Lair:1   | Noticed Anothat's ghost (journeyman GrEE)
 15287 | Lair:1   | Killed Anothat's ghost
 15452 | Lair:1   | Reached ****** piety under Cheibriados
 16077 | Lair:2   | Reached skill level 13 in Polearms
 16133 | Lair:2   | Found a dark tunnel.
 16145 | Volcano  | Entered a volcano
 16288 | Volcano  | Found a radiant altar of Vehumet.
 17238 | Lair:3   | Reached XP level 14. HP: 108/119 MP: 11/27
 17321 | Lair:3   | Reached skill level 10 in Fighting
 17452 | Lair:3   | Found a hole to the Spider Nest.
 18222 | Lair:4   | Reached skill level 14 in Polearms
 18236 | Lair:4   | Noticed Snorg
 18393 | Lair:4   | Killed Snorg
 18450 | Lair:4   | Noticed Josephine
 18459 | Lair:4   | Killed Josephine
 18603 | Lair:4   | Noticed Nergalle
 18665 | Lair:4   | Killed Nergalle
 20285 | Lair:6   | Reached skill level 10 in Invocations
 20443 | Lair:6   | Found a staircase to the Swamp.
 21256 | Lair:7   | Reached XP level 15. HP: 125/129 MP: 18/28
 21303 | Lair:7   | Found a viscous altar of Jiyva.
 21304 | Lair:7   | Found a staircase to the Slime Pits.
 21422 | Lair:7   | Reached skill level 10 in Ice Magic
 21852 | Lair:8   | Entered Level 8 of the Lair of Beasts
 21876 | Lair:8   | Noticed 4thArraOfDagon's ghost (journeyman MiFi)
 21921 | Lair:8   | Killed 4thArraOfDagon's ghost
 22533 | Lair:8   | Reached skill level 10 in Spellcasting
 22622 | Lair:8   | Identified the Papyrus of Self-Knowledge and Enchantment (You found it on level 8 of the Lair of Beasts)
 22674 | Lair:8   | Reached skill level 15 in Dodging
 22720 | Lair:8   | Noticed Kirke
 22731 | Lair:8   | Noticed a sphinx
 23638 | D:14     | Noticed a centaur warrior
 23659 | D:14     | Reached XP level 16. HP: 105/139 MP: 20/30
 23665 | D:14     | Killed a centaur warrior
 23799 | D:14     | Found a gate to the Vaults.
 23971 | D:14     | Found a portal to a secret trove of treasure.
 24071 | D:15     | Entered Level 15 of the Dungeon
 24109 | D:15     | Found a staircase to the Depths.
 24256 | D:15     | Found Beotekae's General Store.
 25216 | Orc:1    | Entered Level 1 of the Orcish Mines
 25216 | Orc:1    | Found Wyimahudd's Gadget Emporium.
 25308 | Orc:1    | Noticed Urug
 25332 | Orc:1    | Killed Urug
 25525 | Orc:2    | Noticed Harold
 25538 | Orc:2    | Killed Harold
 25678 | Orc:2    | Paralysed by an orc sorcerer for 2 turns
 25778 | Lair:1   | Learned a level 5 spell: Aura of Abjuration
 25782 | Lair:1   | Learned a level 3 spell: Spectral Weapon
 26057 | Orc:3    | Found a staircase to the Elven Halls.
 26169 | Orc:4    | Entered Level 4 of the Orcish Mines
 26213 | Orc:4    | Found a roughly hewn altar of Beogh.
 26240 | Orc:4    | Paralysed by an orc sorcerer for 5 turns
 26301 | Orc:4    | Paralysed by an orc sorcerer for 2 turns
 26364 | Orc:4    | Reached skill level 15 in Polearms
 26420 | Orc:4    | Found a roughly hewn altar of Beogh.
 26878 | Orc:4    | Found Jaytoder's Armour Emporium.
 26878 | Orc:4    | Found Zatota's Weapon Boutique.
 26883 | Orc:4    | Bought a +0 cloak of poison resistance for 127 gold pieces
 27008 | Orc:4    | Paralysed by an orc sorcerer for 3 turns
 27072 | Orc:4    | Found Maopues's Food Emporium.
 27072 | Orc:4    | Found Queheij's Antique Weapon Boutique.
 27325 | Orc:3    | Noticed SKei0's ghost (journeyman FoFi)
 27348 | Orc:3    | Killed SKei0's ghost
 28057 | D:11     | Killed an unseen horror
 28310 | Swamp:1  | Entered Level 1 of the Swamp
 28495 | Swamp:1  | Reached skill level 16 in Dodging
 28668 | Swamp:1  | Noticed a thorn hunter
 28867 | Swamp:1  | Killed a thorn hunter
 28867 | Swamp:1  | Reached XP level 17. HP: 99/147 MP: 14/32
 29474 | Swamp:2  | Noticed Louise
 29486 | Swamp:2  | Killed Louise
 30413 | Swamp:3  | Learned a level 2 spell: Repel Missiles
 30441 | Swamp:4  | Entered Level 4 of the Swamp
 30575 | Swamp:4  | Noticed Aizul
 30617 | Swamp:4  | Killed Aizul
 30791 | Swamp:4  | Reached skill level 17 in Dodging
 30924 | Swamp:4  | Noticed the 27-headed Lernaean hydra
 30927 | Swamp:4  | Slain by the 27-headed Lernaean hydra

Action                   |  1- 3 |  4- 6 |  7- 9 | 10-12 | 13-15 | 16-18 || total
-------------------------+-------+-------+-------+-------+-------+-------++-------
Melee: Dagger            |    60 |    16 |       |       |       |       ||    76
       Falchion          |       |    62 |       |       |       |       ||    62
       Whip              |       |    34 |    93 |       |       |       ||   127
       Halberd           |       |       |   160 |       |       |       ||   160
       Trident           |       |       |    24 |   776 |  1475 |   425 ||  2700
       Glaive            |       |       |       |       |       |   733 ||   733
 Cast: Freeze            |    23 |    58 |    13 |    25 |     1 |       ||   120
       Ozocubu's Armour  |       |     7 |    17 |    37 |    36 |    25 ||   122
       Condensation Shie |       |     4 |     9 |    19 |    35 |    25 ||    92
       Summon Ice Beast  |       |       |    10 |    62 |    46 |    16 ||   134
       Throw Icicle      |       |       |     3 |    32 |    37 |    13 ||    85
       Repel Missiles    |       |       |       |       |       |     1 ||     1
Invok: Bend Time         |       |       |       |     5 |       |       ||     5
       Temporal Distorti |       |       |       |     4 |       |     1 ||     5
       Slouch            |       |       |       |     2 |    11 |    11 ||    24
Evoke: Wand              |       |     2 |       |     6 |     1 |     2 ||    11
       Deck              |       |       |       |     2 |       |       ||     2
  Use: Scroll            |     4 |     4 |     1 |    27 |    10 |     3 ||    49
       Potion            |       |       |       |     4 |     3 |       ||     7
 Stab: Sleeping          |     1 |     2 |     7 |    16 |    34 |    28 ||    88
       Invisible         |       |     1 |       |       |       |       ||     1
       Paralysed         |       |     1 |       |       |       |       ||     1
       Distracted        |       |     1 |     4 |    18 |    20 |    13 ||    56
       Confused          |       |       |       |       |       |     1 ||     1
  Eat: Chunk             |       |     6 |     7 |    16 |    13 |     5 ||    47
       Fruit             |       |     3 |     1 |     1 |     5 |     4 ||    14
       Bread ration      |       |       |     1 |       |       |       ||     1
       Pizza             |       |       |     1 |     4 |       |       ||     5
       Beef jerky        |       |       |       |     3 |       |       ||     3
       Meat ration       |       |       |       |       |     1 |     2 ||     3
